 Dungeon Crawl Stone Soup version 0.29.1-12-g30fa7ad0bf (webtiles) character file.

Game seed: 5120647555384117095

268 MisterFreud the Twirler (level 6, -2/48 HPs)
             Began as a Formicid Gladiator on Dec 21, 2022.
             Succumbed to a scorpion's poison
             ... on level 5 of the Dungeon.
             The game lasted 00:03:22 (2282 turns).

MisterFreud the Twirler (Formicid Gladiator)        Turns: 2282, Time: 00:03:24

Health: -2/48      AC:  3    Str: 20    XL:     6   Next: 46%
Magic:  15/15      EV: 12    Int:  8    God:
Gold:   125        SH:  0    Dex: 15    Spells: 5/5 levels left

rFire   . . .      SeeInvis +   a - +1 quarterstaff
rCold   . . .      Faith    .   (no shield)
rNeg    . . .      Spirit   .   b - +0 leather armour
rPois   .          Reflect  .   (helmet unavailable)
rElec   .          Harm     .   (no cloak)
rCorr   .          Rampage  .   (no gloves)
Will    .....                   (no boots)
Stlth   +.........              (no amulet)
HPRegen 0.16/turn               f - ring of magical power
MPRegen 0.14/turn               (no ring)

@: lethally poisoned (-2 -> -15)
A: permanent stasis, dig shafts and tunnels, antennae 3, four strong arms
a: Dig, Shaft Self


You were on level 5 of the Dungeon.
You visited 1 branch of the dungeon, and saw 5 of its levels.

You collected 125 gold pieces.

Inventory:

Hand Weapons
 a - a +1 quarterstaff (weapon)
Missiles
 c - 3 throwing nets (quivered)
 d - a javelin
 e - 3 poisoned darts
Armour
 b - a +0 leather armour (worn)
Jewellery
 f - a ring of magical power (left hand)
Wands
 g - a wand of polymorph (13)
 j - a wand of paralysis (3)
Scrolls
 i - 4 scrolls of identify


   Skills:
 + Level 4.0 Fighting
 - Level 6.0 Staves
 - Level 2.0 Throwing
 - Level 2.6 Dodging


You had 5 spell levels left.
You didn't know any spells.
Your spell library contained the following spells:

 Spells                   Type           Power      Damage    Failure   Level
 Freeze                   Ice            0%         1d3       45%         1
 Frozen Ramparts          Ice            0%         1d1       83%         3
 Stone Arrow              Conj/Erth      0%         3d7       83%         3
 Animate Armour           Summ/Erth      0%         N/A       99%         4
 Hailstorm                Conj/Ice       0%         3d3       99%         4
 Lehudib's Crystal Spear  Conj/Erth      0%         10d2      100%        8


Dungeon Overview and Level Annotations

Branches:
Dungeon (5/15)
 Temple: D:4-7

Altars:
Vehumet

Portals:
Sewer: D:5


Innate Abilities, Weirdness & Mutations

You cannot be hasted, slowed, berserked, paralysed or teleported.
You can dig through walls and to a lower floor.
You have a pair of large antennae on your head. (SInv)
Your four strong arms can wield two-handed weapons with a shield.


Message History

You are poisoned.
The adder poisons you!
You feel sick. The adder bites you.
* * * LOW HITPOINT WARNING * * *
You are more poisoned.
The adder poisons you! The adder closely misses you.
The adder attacks as you move away! The adder bites you.
* * * LOW HITPOINT WARNING * * *
You are more poisoned.
The adder poisons you!
* * * LOW HITPOINT WARNING * * *
You feel very sick. The adder closely misses you.
You feel better. The adder closely misses you.
A scorpion comes into view.
The adder barely misses you.
You see here 10 gold pieces.
The adder attacks as you move away! The adder barely misses you.
The scorpion stings you!
* * * LOW HITPOINT WARNING * * *
The adder bites you.
* * * LOW HITPOINT WARNING * * *
Unknown command.
Unknown command.
Unknown command.
You feel better. The scorpion barely misses you. The adder bites you.
* * * LOW HITPOINT WARNING * * *
You are poisoned.
The adder poisons you! The scorpion stings you.
* * * LOW HITPOINT WARNING * * *
You are more poisoned.
The scorpion poisons you!
Are you sure you want to shaft yourself?
* * * LOW HITPOINT WARNING * * *
You feel very sick. The adder bites you but does no damage.
The adder closely misses you.
The scorpion stings you but does no damage.
The adder barely misses you.
You begin to dig a shaft.
You continue digging a shaft.
You die...

....##.....# # ##### ####.)
##. ..). #.. ..### ..# # .{
# ..## .# # ..# #..#
#s###..# #####@SB..####.....
..#####...##S.....##.....
.....[....S.S####.......#
..........{..# #....#.#
...~~~......># #...##.####
..~~~~~.....######......#...
..~~∩~~r..................##
..~~~~~.....####............
...~~~......# #.#..##...###


You could see a scorpion, 2 adders, a giant cockroach and a ball python.

Vanquished Creatures
  Sigmund (D:2)
  3 adders
  A white imp (D:5)
  4 worms (D:2)
  5 ball pythons (D:2)
  3 bats (D:1)
  9 endoplasms
  4 giant cockroaches
  4 hobgoblins
  3 jackals (D:1)
  3 kobolds (D:1)
  A quokka (D:1)
  2 frilled lizards (D:1)
  5 goblins
  5 rats
53 creatures vanquished.

Notes
Turn   | Place    | Note
-------+----------+-------------------------------------------
     0 | D:1      | MisterFreud the Formicid Gladiator began the quest for the
                  | Orb.
     0 | D:1      | Reached XP level 1. HP: 16/16 MP: 1/1
   157 | D:1      | Reached XP level 2. HP: 22/22 MP: 2/2
   456 | D:1      | Reached skill level 4 in Staves
   456 | D:1      | Reached XP level 3. HP: 27/27 MP: 3/3
   828 | D:1      | Found a faded altar of an unknown god.
  1221 | D:2      | Found a radiant altar of Vehumet.
  1407 | D:2      | Reached XP level 4. HP: 33/33 MP: 4/4
  1926 | D:2      | Noticed Sigmund
  1936 | D:2      | Killed Sigmund
  1937 | D:2      | Reached skill level 6 in Staves
  1937 | D:2      | Reached XP level 5. HP: 22/41 MP: 5/5
  1937 | D:2      | Reached XP level 6. HP: 26/47 MP: 6/6
  2133 | D:3      | You fall into a shaft and drop 1 floor!
  2139 | D:4      | Noticed an ogre
  2185 | D:5      | Entered Level 5 of the Dungeon
  2268 | D:5      | Found a glowing drain.
  2279 | D:5      | HP: 2/48 [adder (2)]
  2282 | D:5      | Succumbed to a scorpion's poison

Illustrated notes

Levels and vault maps discovered:
D:1:      dpeg_arrival_renting, layout_loops_ring,
          shapermc_ecumenical_altar_notcrosses
D:2:      layout_basic, basic_altar, minmay_octomino_e4, uniq_sigmund
D:3:      layout_basic, mainiacjoe_overflow_cross_hatched
D:4:      layout_loops_cross, mainiacjoe_overflow_alcove_4,
          minmay_fractal_squares_5
D:5:      layout_rooms, mainiacjoe_overflow_tiny_flanked, portal_sewer_entry_a

Skill      XL: |  1  2  3  4  5  6 |
---------------+-------------------+-----
Staves         | 4 6 |  6.0
Fighting       | 3 4 |  4.0
Throwing       | |  2.0
Dodging        | |  2.6

Action                   |  1- 3 |  4- 6 || total
-------------------------+-------+-------++-------
Melee: Quarterstaff      |   102 |    58 ||   160
       Punch             |     2 |     1 ||     3
 Abil: Shaft Self        |       |     2 ||     2
  Use: Scroll            |     2 |     2 ||     4
       Potion            |       |     2 ||     2
Armor: Leather armour    |    28 |    22 ||    50
Dodge: Dodged            |    55 |    39 ||    94
